 Dungeon Crawl Stone Soup version 0.28.0-53-g5a82cb258f (webtiles) character file.

Game seed: 10457618048288443230

104 DocClef the Skirmisher (level 4, -1/44 HPs)
             Began as a Draconian Fighter on June 15, 2022.
             Slain by Natasha (2 damage)
             ... on level 2 of the Dungeon.
             The game lasted 00:01:21 (1327 turns).

DocClef the Skirmisher (Draconian Fighter)          Turns: 1327, Time: 00:01:22

Health: -1/44      AC:  6    Str: 20    XL:     4   Next: 52%
Magic:  4/4        EV: 11    Int:  9    God:
Gold:   77         SH:  4    Dex: 10    Spells: 3/3 levels left

rFire   . . .      SeeInvis .   a - +0 war axe
rCold   . . .      Faith    .   b - +0 buckler
rNeg    . . .      Spirit   .   (armour unavailable)
rPois   .          Reflect  .   (helmet restricted)
rElec   .          Harm     .   e - +0 cloak
rCorr   .          Rampage  .   (no gloves)
Will    .....                   (no boots)
Stlth   +.........              (no amulet)
HPRegen 0.14/turn               (no ring)
MPRegen 0.09/turn               (no ring)

@: slowed, very slow
A: AC +5, unfitting armour, cold-blooded
a: no special abilities


You were on level 2 of the Dungeon.
You visited 1 branch of the dungeon, and saw 2 of its levels.

You collected 77 gold pieces.

Inventory:

Hand Weapons
 a - a +0 war axe (weapon)
Armour
 b - a +0 buckler (worn)
 e - a +0 cloak (worn)
Scrolls
 g - a scroll of vulnerability {unknown}
 i - a scroll of blinking {unknown}
 j - a scroll of amnesia {unknown}
Potions
 c - 2 potions of might
 d - a potion of ambrosia {unknown}
 f - 2 potions of degeneration {unknown}
 h - a potion of mutation {unknown}


   Skills:
 + Level 5.9 Fighting
 - Level 2.0 Axes
 - Level 2.6 Dodging
 - Level 3.0 Shields


You had 3 spell levels left.
You didn't know any spells.
Your spell library was empty.

Dungeon Overview and Level Annotations

Branches:
Dungeon (2/15)

Altars:

Annotations:
D:2 Natasha


Innate Abilities, Weirdness & Mutations

Your plain brown scales are hard. (AC +5)
You cannot fit into any form of body armour.
You are cold-blooded and may be slowed by cold attacks.


Message History

You barely miss Natasha.
You tail-slap Natasha, but do no damage.
Natasha is severely wounded.
You hit the shadow imp.
You kill the shadow imp!
The shadow imp disappears in a puff of smoke!
Natasha closely misses you. Natasha claws you but does no damage.
You hit Natasha.
Your tail-slap misses Natasha.
Natasha is severely wounded.
The crimson imp blinks!
Natasha barely misses you.
You hit Natasha.
Natasha is almost dead.
The crimson imp shouts, "Turn tail, thou defiled fob-snatching jarkman!"
Natasha wildly gestures.
Natasha glows brightly for a moment.
Natasha stares at you and mumbles some strange words.
The magic dart hits you!
* * * LOW HITPOINT WARNING * * *
The crimson imp hits you but does no damage.
Natasha casts a spell at you.
You feel yourself slow down.
You barely miss Natasha.
Natasha is almost dead.
You hit the crimson imp. The crimson imp closely misses you.
Natasha misses you. The crimson imp hits you.
* * * LOW HITPOINT WARNING * * *
You block Natasha's attack.
Unknown command.
You completely miss Natasha.
Your tail-slap misses Natasha.
Natasha is almost dead.
You hit the crimson imp.
The crimson imp blinks!
Natasha misses you. Natasha completely misses you.
Unknown command.
You barely miss Natasha.
Natasha is almost dead.
You hit the crimson imp.
The crimson imp blinks!
Natasha wildly gestures.
You feel troubled. Natasha claws you.
You die...

######...........
#................
#....(....#..##.#
#.........#..##.#
#.........#..##.#
#.........#..##.#
#................
##'######...###(........
.[....h@§...............
##.....§..............##
................##.##.##
..#.....#####...##.#...+
. #..5..# #......#..##
+.....# #.........##
#.....# #.#.###...##
#.....#####.#.###...##
...................


You could see Natasha and a crimson imp (summoned).

Vanquished Creatures
  A centaur skeleton (D:2)
  Natasha (D:2)
  A worm (D:2)
  2 dart slugs (D:1)
  6 ball pythons (D:1)
  3 bats
  3 endoplasms
  3 giant cockroaches
  6 goblins
  5 hobgoblins
  2 quokkas (D:1)
  3 frilled lizards
  4 kobolds (D:1)
  2 rats (D:2)
42 creatures vanquished.

Notes
Turn   | Place    | Note
-------+----------+-------------------------------------------
     0 | D:1      | DocClef the Draconian Fighter began the quest for the Orb.
     0 | D:1      | Reached XP level 1. HP: 19/19 MP: 1/1
   234 | D:1      | Reached XP level 2. HP: 23/27 MP: 2/2
   236 | D:1      | Reached skill level 4 in Fighting
   315 | D:1      | Found a faded altar of an unknown god.
   599 | D:1      | Reached XP level 3. HP: 34/34 MP: 3/3
   943 | D:2      | Noticed Natasha
   950 | D:2      | Killed Natasha
   951 | D:2      | Reached skill level 5 in Fighting
  1017 | D:2      | Reached XP level 4. HP: 39/44 MP: 4/4
  1309 | D:2      | Noticed Natasha
  1325 | D:2      | HP: 1/44 [crimson imp[Natasha] (3)]
  1327 | D:2      | Slain by Natasha

Illustrated notes

Levels and vault maps discovered:
D:1:      ebering_trefoil_3fold, layout_loops_ring,
          ebering_ecumenical_altar_ruins, hangedman_decor_clover_reticule
D:2:      layout_basic, uniq_natasha

Skill      XL: |  1  2  3 |
---------------+----------+-----
Fighting       | 4 5 |  5.9
Axes           | |  2.0
Dodging        | |  2.6
Shields        | |  3.0

Action                   |  1- 3 |  4- 6 || total
-------------------------+-------+-------++-------
Melee: War axe           |    88 |    46 ||   134
       Tailslap          |    15 |     6 ||    21
Armor: Skin              |    30 |    18 ||    48
Dodge: Dodged            |    57 |    27 ||    84
Block: Buckler           |    21 |     7 ||    28
